 Dungeon Crawl Stone Soup version 0.30.1-4-g462c640d31 (webtiles) character file.

Game seed: 16706234174995199851

115847 croobank the Covert (level 15, -1/129 HPs)
             Began as a Demigod Summoner on Aug 23, 2023.
             Slain by a jumping spider (5 damage)
             ... led by a broodmother
             ... on level 1 of the Spider Nest.
             The game lasted 03:44:54 (35390 turns).

croobank the Covert (Demigod Summoner)             Turns: 35390, Time: 03:44:55

Health: -1/129     AC: 15    Str:  9    XL:     15   Next: 72%
Magic:  12/34      EV: 15    Int: 46    God:
Gold:   1202       SH:  0    Dex: 19    Spells: 2/34 levels left

rFire   + . .        l - +4 scimitar (flame)
rCold   + . .        (no shield)
rNeg    + . .        e - +2 leather armour {rC+ rF+}
rPois   +            G - +2 helmet
rElec   .            o - +0 cloak
rCorr   .            B - +2 pair of gloves {Dex+3}
SInv    .            H - +2 pair of boots "Jopuklez" {rN+ Int+6}
Will    ++...        y - amulet of magic regeneration
Stlth   +++++        F - ring "Umilumaw" {EV+5 Int+3}
HPRegen 0.41/turn    Y - ring of Leitoec {Wiz rPois Dex+2}
MPRegen 0.64/turn

%: clarity, wizardry (x1)
@: held
A: high MP 1, forlorn, divine attributes, large bone plates 1, clarity,
strong-willed 1, screaming 1
a: no special abilities


You were on level 1 of the Spider Nest.
You visited 4 branches of the dungeon, and saw 23 of its levels.
You also visited: Sewer, Bailey, Ice Cave and Volcano.

You collected 3792 gold pieces.
You spent 2590 gold pieces at shops.

Inventory:

Hand Weapons
 b - the +9 arbalest of Zoirou {penet, rElec rCorr Str+3}
   (You took it off a goblin in a bailey)

   Str:       It affects your strength (+3).
   rElec:     It insulates you from electricity.
   rCorr:     It protects you from acid and corrosion.
 g - the +5 long sword "Raroxu" {protect, Fly rN+}
   (You found it on level 11 of the Dungeon)

   rN:        It protects you from negative energy.
   Fly:       It grants you flight.
 k - a +2 short sword of speed
 l - a +4 scimitar of flaming (weapon)
 s - a +4 short sword of holy wrath
Missiles
 M - 17 curare-tipped darts
 U - 11 silver javelins
Armour
 e - a +2 leather armour of resistance (worn)
 o - a +0 cloak (worn)
 B - a +2 pair of gloves of dexterity (worn)
 G - a +2 helmet (worn)
 H - the +2 pair of boots "Jopuklez" (worn) {rN+ Int+6}
   (You found it in a bailey)

   Int:       It affects your intelligence (+6).
   rN:        It protects you from negative energy.
Jewellery
 f - a +6 ring of intelligence
 q - a +5 ring of evasion
 w - a +4 ring of protection
 x - a ring of willpower
 y - an amulet of magic regeneration (around neck)
 z - a ring of protection from fire
 A - a +6 ring of strength
 E - a ring of positive energy
 F - the ring "Umilumaw" (left hand) {EV+5 Int+3}
   (You acquired it in a bailey)

   [ring of evasion]

   EV:        It affects your evasion (+5).
   Int:       It affects your intelligence (+3).
 O - a ring of see invisible
 Q - a ring of wizardry
 V - a ring of protection from cold
 X - a +6 ring of dexterity
 Y - the ring of Leitoec (right hand) {Wiz rPois Dex+2}
   (You found it on level 3 of the Lair of Beasts)

   [ring of wizardry]

   It improves your spell success rate.
   Dex:       It affects your dexterity (+2).
   rPois:     It protects you from poison.
Wands
 K - a wand of acid (12)
 L - a wand of paralysis (11)
 R - a wand of mindburst (7)
 W - a wand of iceblast (12)
Scrolls
 a - a scroll of butterflies
 d - 5 scrolls of poison
 i - 2 scrolls of magic mapping
 m - 13 scrolls of teleportation
 p - a scroll of amnesia
 C - 2 scrolls of vulnerability
 I - 2 scrolls of blinking
 S - 3 scrolls of fog
 T - a scroll of silence
Potions
 c - 3 potions of cancellation
 h - a potion of brilliance
 n - a potion of invisibility
 r - 3 potions of ambrosia
 t - 5 potions of attraction
 v - 6 potions of magic
 D - 4 potions of might
 J - 4 potions of heal wounds
 N - 4 potions of mutation
 P - a potion of resistance
 Z - 8 potions of curing
Miscellaneous
 j - a condenser vane
 u - a phial of floods


   Skills:
 + Level 11.1 Fighting
 + Level 11.4 Dodging
 - Level 12.1 Stealth
 * Level 3.4 Shields
 + Level 10.2 Spellcasting
 + Level 5.6 Hexes
 + Level 10.3 Summonings
 - Level 8.5 Necromancy
 - Level 5.0 Translocations
 - Level 7.0 Air Magic


You had 2 spell levels left.
You knew the following spells:

 Your Spells              Type           Power      Damage    Failure   Level
a - Summon Small Mammal   Summ           100%       N/A       0%          1
b - Call Imp              Summ           100%       N/A       1%          2
c - Call Canine Familiar  Summ           87%        N/A       1%          3
d - Summon Guardian Gole  Hex/Summ       77%        N/A       1%          3
e - Summon Lightning Spi  Summ/Air       80%        N/A       1%          4
f - Summon Mana Viper     Hex/Summ       77%        N/A       1%          5
g - Mephitic Cloud        Conj/Pois/Air  45%        N/A       1%          3
h - Dispel Undead         Necr           80%        3d26      1%          4
i - Borgnjor's Vile Clut  Necr/Erth      29%        N/A       3%          5
j - Blink                 Tloc           100%       N/A       1%          2

Your spell library contained the following spells:

 Spells                   Type           Power      Damage    Failure   Level
 Beastly Appendage        Tmut           46%        N/A       1%          1
 Foxfire                  Conj/Fire      92%        2x1d8     1%          1
 Kiss of Death            Conj/Necr      100%       2d13      1%          1
 Magic Dart               Conj           92%        1d7       1%          1
 Cigotuvi's Dreadful Rot  Necr/Pois/Air  100%       N/A       1%          2
 Lesser Beckoning         Tloc           100%       N/A       1%          2
 Momentum Strike          Conj/Tloc      92%        3d10      1%          2
 Passwall                 Tmut/Erth      19%        N/A       1%          2
 Poisonous Vapours        Pois/Air       100%       N/A       1%          2
 Searing Ray              Conj           46%        2d6       1%          2
 Wereblood                Tmut           23%        N/A       1%          2
 Confusing Touch          Hex            66%        N/A       1%          3
 Dazzling Flash           Conj/Hex       98%        N/A       1%          3
 Frozen Ramparts          Ice            46%        1d7       1%          3
 Inner Flame              Hex/Fire       49%        N/A       1%          3
 Ozocubu's Armour         Ice            23%        N/A       1%          3
 Animate Dead             Necr           80%        N/A       1%          4
 Cause Fear               Hex            33%        N/A       1%          4
 Fulminant Prism          Conj/Hex       24%        3d12      1%          4
 Summon Ice Beast         Ice/Summ       63%        N/A       1%          4
 Death Channel            Necr           40%        N/A       3%          6
 Flame Wave               Conj/Fire      23%        2d8       6%          4
 Ice Form                 Ice/Tmut       23%        N/A       6%          4
 Olgreb's Toxic Radiance  Pois           23%        N/A       6%          4
 Petrify                  Tmut/Erth      23%        N/A       6%          4
 Sticky Flame             Conj/Fire      23%        2d4       6%          4
 Freezing Cloud           Conj/Ice/Air   22%        6-21      7%          5
 Haunt                    Necr/Summ      42%        N/A       12%         7
 Alistair's Intoxication  Tmut/Pois      15%        N/A       17%         5
 Blade Hands              Tmut           11%        N/A       17%         5
 Fireball                 Conj/Fire      11%        3d7       17%         5
 Plasma Beam              Fire/Air       27%        2x1d43    24%         6
 Summon Horrible Things   Summ           43%        N/A       50%         8
 Eringya's Noxious Bog    Tmut/Pois      11%        N/A       65%         6
 Starburst                Conj/Fire      11%        6d5       65%         6
 Infestation              Necr           40%        N/A       75%         8
 Discord                  Hex            33%        N/A       98%         8
 Dragon Form              Tmut           11%        N/A       99%         7
 Ozocubu's Refrigeration  Ice            11%        4d10      99%         7
 Necromutation            Tmut/Necr      29%        N/A       99%         8
 Ignition                 Fire           11%        3d5       100%        8
 Dragon's Call            Summ           43%        N/A       100%        9


Dungeon Overview and Level Annotations

Branches:
Dungeon (15/15)            Temple (0/1) D:5            Lair (5/5) D:11
 Shoals (0/4) Lair:3       Spider (1/4) Lair:2        Slime (0/5) Lair:5
    Orc (2/2) D:11            Elf (0/3) Orc:2        Vaults (0/5) D:13
 Depths (0/4) D:15          Sewer (visited)          Bailey (visited)
  IceCv (visited)         Volcano (visited)

Shops:
D:4 :   D:7 :   D:11 =   D:13 *   D:14 =   Orc:1 *   Orc:2 ([*:?

Annotations:
D:8 2 transporters
D:9 2 runed translucent doors, turdburglar's ghost, novice DsMo
D:15 2 transporters, Maloq's ghost, journeyman GrEE
Spider:1 2 transporters, Xrynn's ghost, journeyman MiBe


Innate Abilities, Weirdness & Mutations

You have an increased reservoir of magic. (+10% MP)
You shall have no god before yourself.
Your divine heritage dramatically boosts your attributes as you level up.
You are partially covered in large bone plates. (SH +4)
You possess an exceptional clarity of mind.
You are strong-willed. (Will+)
You occasionally shout uncontrollably at your foes.


Message History

The wolf spider completely misses you. The wolf spider closely misses you.
The tarantella completely misses you. The jumping spider pounces on you.
You are caught in a web!
The jumping spider closely misses you.
You struggle to detach yourself from the web.
The jumping spider pounces on you! The jumping spider barely misses you.
The wolf spider hits you! The wolf spider bites you!
The jumping spider pounces on you but does no damage.
The jumping spider bites you.
* * * LOW HITPOINT WARNING * * *
The tarantella barely misses you.
The jumping spider pounces on you but does no damage.
The jumping spider bites you.
* * * LOW HITPOINT WARNING * * *
The web tears apart.
Your lightning spire disappears in a puff of smoke!
You block the wolf spider's attack. The wolf spider misses you.
The jumping spider pounces on you but does no damage.
The jumping spider completely misses you.
The tarantella completely misses you. The jumping spider pounces on you!
* * * LOW HITPOINT WARNING * * *
The jumping spider closely misses you. The wolf spider misses you.
The wolf spider barely misses you.
The jumping spider leaps!
The tarantella touches you.
* * * LOW HITPOINT WARNING * * *
You barely miss the jumping spider. The jumping spider pounces on you!
* * * LOW HITPOINT WARNING * * *
You are caught in a web!
The jumping spider bites you but does no damage.
The wolf spider closely misses you.
The wolf spider bites you but does no damage.
The tarantella completely misses you.
The jumping spider pounces on you but does no damage.
The jumping spider bites you but does no damage.
The wolf spider hits you.
* * * LOW HITPOINT WARNING * * *
The wolf spider completely misses you.
The tarantella touches you but does no damage.
The jumping spider pounces on you but does no damage.
The jumping spider bites you.
You die...

.(... #..####...#......<...#
......# #..}......#...........
....).. #........##........#..
....○..##.....##.###......##..
............####.###.##.####..
.......^##.# ##.....######....
.......§##.###..?....####.....
.......§....s.s........##.....
.......§§.©.s@°........##.?...
.....†#########........#..)...
.....##8)B{By8##......##...h..
.....#...(syyW.#.s...^#####.##
.....#.##..s##.#.......###....
.....#. #...##.#......##...†..
#....#....©..y.#....######..##
#....#.##...##.#..### #.#..#
...##.#..## ##.##†#


You could see a radroach, 3 spark wasps, a wolf spider, a pharaoh ant, 3 jumping
spiders, 2 tarantellas and Xrynn's ghost.

Vanquished Creatures
  Gastronok (Lair:1)
  A broodmother (Spider:1)
  A fire dragon (D:15)
  Josephine (Orc:1)
  4 hydras
  3 boulder beetles
  A catoblepas (D:14)
  2 centaur warriors
  Urug (Orc:2)
  2 orc high priests
  2 pharaoh ants (Spider:1)
  2 orc knights
  5 cyclopes
  3 wolf spiders (Spider:1)
  4 oklob plants (Lair:5)
  2 ice statues (IceCv)
  2 black mambas (Lair:5)
  3 elephants
  2 cane toads (Lair:2)
  A molten gargoyle (Volcano)
  An efreet (D:12)
  A rime drake (Lair:5)
  A freezing wraith (D:14)
  5 komodo dragons
  An unseen horror (D:10)
  2 meliai (D:14)
  4 trolls
  9 blink frogs
  A tarantella (Spider:1)
  3 slime creatures
  7 yaks
  A wraith (D:13)
  3 culicivoras (Spider:1)
  A jumping spider (Spider:1)
  2 wyverns
  A shadow (D:7)
  A vampire (D:13)
  2 humans (D:13)
  A hog (shapeshifter) (D:15)
  3 fire bats
  A basilisk (Lair:5)
  A vampire mosquito (D:7)
  3 redbacks (Spider:1)
  2 wargs
  6 water moccasins
  A black bear (Lair:2)
  15 orc warriors
  A sky beast (D:7)
  5 ogres
  8 boggarts (D:15)
  5 wolves
  6 centaurs
  A phantom (D:6)
  3 kobold brigands
  A scorpion (D:7)
  4 bullfrogs
  4 wights (D:9)
  5 howler monkeys
  8 electric eels
  2 lava snakes (Volcano)
  2 hounds (D:5)
  11 orc priests
  A gnoll bouda (D:8)
  12 orc wizards
  4 gnolls
  An adder (D:3)
  A river rat (D:5)
  A shadow imp (D:7)
  4 white imps
  2 worms
  A dart slug (D:2)
  27 orcs
  4 ball pythons
  2 endoplasms
  3 giant cockroaches
  9 goblins
  4 hobgoblins
  5 jackals
  A quokka (D:3)
  A bat (D:1)
  A frilled lizard (D:2)
  8 kobolds
  A rat (D:5)
281 creatures vanquished.

Vanquished Creatures (collateral kills)
  A minotaur (Lair:1)
  A dire elephant (Lair:5)
  2 fire dragons
  A hydra (Lair:2)
  2 vault guards (D:13)
  6 boulder beetles
  2 centaur warriors
  A two-headed ogre (D:12)
  9 death yaks
  2 orc high priests
  A hell knight (Volcano)
  A swamp dragon (Lair:5)
  An orb spider (Spider:1)
  4 lindwurms (Lair:2)
  5 necromancers (D:13)
  A steelbarb worm (Spider:1)
  An ugly thing (IceCv)
  An orc sorcerer (Orc:2)
  2 manticores
  An orc knight (Bailey)
  A wolf spider (Spider:1)
  A cyclops (D:10)
  6 elephants
  2 black mambas
  Maggie (Lair:2)
  A molten gargoyle (Volcano)
  An orange demon (Lair:3)
  8 cane toads
  3 unseen horrors
  An efreet (D:15)
  5 kobold demonologists
  10 komodo dragons
  2 yaktaurs
  2 rime drakes
  2 polar bears (Lair:5)
  A meliai (D:14)
  9 trolls
  3 tarantellas (Spider:1)
  18 blink frogs
  A dream sheep (Lair:5)
  2 jumping spiders (Spider:1)
  2 wyverns
  28 yaks
  7 slime creatures
  2 fire bats
  A culicivora (Spider:1)
  13 humans (D:13)
  Grum (D:10)
  4 wraiths (Orc:1)
  2 basilisks (Lair:5)
  A steam dragon (Lair:5)
  6 redbacks
  A vampire mosquito (D:7)
  A death yak simulacrum (IceCv)
  A warg (D:11)
  5 acid dragons
  7 water moccasins
  2 swamp drakes (Lair:5)
  An ice beast (D:4)
  2 sky beasts (D:7)
  2 ogres
  A black bear (D:5)
  20 orc warriors
  3 centaurs
  25 wolves
  A boggart (D:15)
  A phantom (D:7)
  3 kobold brigands
  3 scorpions
  A bullfrog (D:8)
  A gnoll sergeant (D:7)
  4 wights
  A killer bee (D:9)
  3 howler monkeys
  2 lava snakes (Volcano)
  27 orc priests
  A jelly (D:7)
  3 hounds
  4 iguanas
  A sleepcap (D:6)
  14 orc wizards
  A hell rat (D:11)
  2 polar bear simulacra (IceCv)
  10 gnolls
  4 adders
  10 white imps
  An ufetubus (D:7)
  2 dart slugs
  42 orcs
  A bat (D:1)
  3 endoplasms
  9 goblins
  6 hobgoblins
  6 jackals
  12 kobolds
  A quokka (D:1)
  3 training dummies (Orc:2)
  3 ball pythons
  7 rats
  A butterfly (D:5)
457 creatures vanquished.

Vanquished Creatures (others)
  A hydra (Lair:5)
  A catoblepas (Lair:5)
  7 death yaks
  An orc high priest (Orc:1)
  A tengu warrior (D:15)
  Amaemon (Lair:3)
  A pharaoh ant (Spider:1)
  Lodul (D:12)
  A lindwurm (Lair:5)
  An orc knight (Bailey)
  2 ugly things
  An elephant (Lair:5)
  A torpor snail (Lair:5)
  A cane toad (Lair:5)
  3 yaktaurs (D:15)
  A troll (D:10)
  A polar bear (Lair:5)
  A tarantella (Spider:1)
  A dream sheep (Lair:5)
  2 slime creatures
  A jumping spider (Spider:1)
  19 yaks
  3 humans (D:13)
  A vampire mosquito (D:7)
  4 water moccasins
  4 orc warriors
  A boggart (D:15)
  2 ogres (D:12)
  A black bear (D:7)
  A wolf (D:10)
  A centaur (Volcano)
  A kobold brigand (D:7)
  A gnoll sergeant (D:6)
  A howler monkey (D:7)
  A hound (D:6)
  An orc priest (D:7)
  2 jellies
  2 orc wizards
  A hell rat (D:11)
  4 gnolls
  2 orcs
84 creatures vanquished.

Grand Total: 822 creatures vanquished

Notes
Turn   | Place    | Note
-------+----------+-------------------------------------------
     0 | D:1      | croobank the Demigod Summoner began the quest for the Orb.
     0 | D:1      | Reached XP level 1. HP: 14/14 MP: 5/5
   337 | D:1      | Reached skill level 2 in Stealth
   388 | D:1      | Reached XP level 2. HP: 20/20 MP: 4/7
   432 | D:1      | Learned a level 2 spell: Call Imp
  1269 | D:2      | Reached XP level 3. HP: 26/26 MP: 4/8
  1352 | D:2      | Learned a level 3 spell: Call Canine Familiar
  2281 | D:3      | Noticed an ogre
  2296 | D:3      | Killed an ogre
  2297 | D:3      | Reached skill level 1 in Fighting
  2297 | D:3      | Reached skill level 3 in Stealth
  2297 | D:3      | Reached XP level 4. HP: 17/35 MP: 1/10
  2297 | D:3      | Reached XP level 5. HP: 20/40 MP: 1/11
  3247 | D:4      | Identified a scroll of acquirement
  3247 | D:4      | Acquired the Codex of Changed Assaults
  3272 | D:4      | Found Wise's Tremendous Tomes.
  3466 | D:4      | Noticed an ice beast
  3481 | D:4      | Killed an ice beast
  3482 | D:4      | Reached XP level 6. HP: 48/48 MP: 3/13
  3486 | D:4      | Learned a level 3 spell: Summon Guardian Golem
  4168 | D:5      | Entered Level 5 of the Dungeon
  4179 | D:5      | Found a glowing drain.
  4258 | Sewer    | Entered a sewer
  4318 | Sewer    | Noticed a water moccasin
  4330 | Sewer    | Killed a water moccasin
  4331 | Sewer    | Reached skill level 1 in Hexes
  4531 | D:5      | Reached XP level 7. HP: 49/56 MP: 9/15
  4603 | D:5      | Found a staircase to the Ecumenical Temple.
  4795 | D:5      | Reached skill level 4 in Stealth
  4885 | D:5      | Reached skill level 5 in Summonings
  5590 | D:5      | Learned a level 4 spell: Summon Lightning Spire
  6229 | D:6      | Reached skill level 1 in Air Magic
  6229 | D:6      | Reached XP level 8. HP: 63/63 MP: 9/17
  6354 | D:6      | Gained mutation: You occasionally shout uncontrollably at
                  | your foes. [potion of mutation]
  6354 | D:6      | Gained mutation: You are strong-willed. (Will+) [potion of
                  | mutation]
  6354 | D:6      | Gained mutation: You possess an exceptional clarity of
                  | mind. [potion of mutation]
  6354 | D:6      | Gained mutation: You are partially covered in large bone
                  | plates. (SH +4) [potion of mutation]
  6381 | D:6      | Killed an unseen horror
  6627 | D:6      | Reached skill level 5 in Stealth
  7787 | D:7      | Found Reysah's Book Boutique.
  7792 | D:7      | Bought a book of Spatial Translocations for 216 gold pieces
  7795 | D:7      | Learned a level 2 spell: Blink
  7865 | D:7      | Noticed a slime creature
  7888 | D:7      | Killed a slime creature
  7889 | D:7      | Reached skill level 1 in Translocations
  7889 | D:7      | Reached XP level 9. HP: 71/71 MP: 2/19
  7957 | D:7      | Reached skill level 5 in Dodging
  8070 | D:7      | Noticed a kobold demonologist
  8077 | D:7      | Noticed an ice devil
  8080 | D:7      | Killed a kobold demonologist
  8081 | D:7      | Reached skill level 6 in Stealth
  8120 | D:7      | Reached skill level 5 in Spellcasting
  8204 | D:7      | Found a flagged portal.
  8214 | Bailey   | Entered a bailey
  8388 | Bailey   | Noticed an orc high priest
  8391 | Bailey   | Noticed an orc knight
  8403 | Bailey   | Killed an orc knight
  8405 | Bailey   | Noticed a kobold demonologist
  8413 | Bailey   | Identified the +9 arbalest of Zoirou {penet, rElec rCorr
                  | Str+3}
  8416 | Bailey   | Noticed an orc knight
  8418 | Bailey   | Reached XP level 10. HP: 80/80 MP: 10/21
  8427 | Bailey   | Killed an orc knight
  8428 | Bailey   | Reached skill level 5 in Fighting
  8568 | Bailey   | Got Vamusod's Precepts of Forms
  8580 | Bailey   | Killed an orc high priest
  9083 | Bailey   | Identified the +2 pair of boots "Jopuklez" {rN+ Int+6}
  9469 | D:7      | Acquired the ring "Umilumaw" {EV+5 Int+3}
  9484 | D:7      | Reached skill level 5 in Hexes
  9951 | D:7      | Noticed a boulder beetle
 10018 | D:7      | Killed a boulder beetle
 10064 | D:7      | Reached skill level 7 in Stealth
 10535 | D:8      | Reached XP level 11. HP: 89/89 MP: 19/23
 10833 | D:8      | Found a transporter.
 11133 | D:8      | Found a transporter.
 11571 | D:9      | Reached skill level 5 in Air Magic
 11837 | D:9      | Found a large runed translucent door.
 11837 | D:9      | Found a large runed translucent door.
 11839 | D:9      | Noticed turdburglar's ghost (novice DsMo)
 12573 | D:10     | Entered Level 10 of the Dungeon
 12654 | D:10     | Noticed Grum
 12673 | D:10     | Killed Grum
 13081 | D:10     | Reached skill level 5 in Translocations
 13150 | D:10     | Identified the +1 scale mail of Ruhu {Will+ Dex+2}
 13766 | D:11     | Identified the +5 long sword "Raroxu" {protect, Fly rN+}
 13864 | D:11     | Found a staircase to the Orcish Mines.
 14181 | D:11     | Noticed a death yak
 14182 | D:11     | Noticed a death yak
 14191 | D:11     | Noticed a death yak
 14195 | D:11     | Killed a death yak
 14198 | D:11     | Killed a death yak
 14199 | D:11     | Reached skill level 8 in Stealth
 14206 | D:11     | Killed a death yak
 14297 | D:11     | Found a staircase to the Lair.
 14562 | D:11     | Found Xeuchox's Jewellery Shop.
 14570 | D:11     | Bought a ring of see invisible for 255 gold pieces
 14979 | D:12     | Noticed Lodul
 15019 | D:12     | Reached XP level 12. HP: 100/100 MP: 26/26
 15022 | D:12     | Killed Lodul
 15290 | D:12     | Noticed a centaur warrior
 15291 | D:12     | Noticed a boulder beetle
 15291 | D:12     | Noticed a boulder beetle
 15298 | D:12     | Killed a centaur warrior
 15326 | D:12     | Killed a boulder beetle
 15345 | D:12     | Killed a boulder beetle
 15408 | D:12     | Learned a level 3 spell: Mephitic Cloud
 15884 | Lair:1   | Entered Level 1 of the Lair of Beasts
 16082 | Lair:1   | Reached skill level 9 in Stealth
 16141 | Lair:1   | Got the Secrets of Transition
 16273 | Lair:1   | Found a frozen archway.
 16291 | IceCv    | Entered an ice cave
 16310 | IceCv    | Found a transporter.
 16337 | IceCv    | Found a transporter.
 16376 | IceCv    | Identified the staff of death "Peynew" {rC+ rN+}
 16415 | Lair:1   | Found a dark tunnel.
 16430 | Volcano  | Entered a volcano
 16632 | Volcano  | Noticed a centaur warrior
 16651 | Volcano  | Killed a centaur warrior
 16652 | Volcano  | Reached XP level 13. HP: 79/107 MP: 16/29
 17059 | Lair:1   | Found a runed translucent door.
 17630 | Lair:1   | Noticed Gastronok
 17647 | Lair:1   | Killed Gastronok
 17751 | Lair:1   | Noticed a minotaur
 17763 | Lair:1   | Killed a minotaur
 18307 | Lair:2   | Found a hole to the Spider Nest.
 18446 | Lair:2   | Reached skill level 10 in Stealth
 18604 | Lair:2   | Noticed Maggie
 18616 | Lair:2   | Killed Maggie
 19003 | Lair:2   | Identified the staff of earth "Xaiq Ucei" {rElec rC+}
 19898 | Lair:3   | Reached skill level 10 in Summonings
 20321 | Lair:3   | You fall into a shaft and drop 2 floors!
 20321 | Lair:5   | Entered Level 5 of the Lair of Beasts
 20879 | Lair:3   | Noticed Amaemon
 20885 | Lair:3   | Killed Amaemon
 21322 | Lair:3   | Found a staircase to the Shoals.
 21599 | Lair:3   | Identified the ring of Leitoec {Wiz rPois Dex+2}
 22042 | Lair:4   | Reached skill level 10 in Dodging
 22043 | Lair:4   | Reached XP level 14. HP: 92/118 MP: 28/31
 22460 | Lair:4   | Reached skill level 11 in Stealth
 23191 | Lair:5   | Reached skill level 10 in Fighting
 24475 | Lair:5   | Found a staircase to the Slime Pits.
 25377 | Lair:5   | Reached skill level 10 in Spellcasting
 25787 | Lair:5   | Reached skill level 12 in Stealth
 26229 | Orc:1    | Entered Level 1 of the Orcish Mines
 26296 | Orc:2    | Entered Level 2 of the Orcish Mines
 26296 | Orc:2    | Noticed Josephine
 26710 | Orc:1    | Learned a level 4 spell: Dispel Undead
 26742 | Orc:1    | Killed Josephine
 26743 | Orc:1    | Reached skill level 1 in Necromancy
 26913 | Orc:1    | Found Qeaffoir's Assorted Antiques.
 27061 | Orc:2    | Found Wihu's Firing Range.
 27405 | Orc:2    | Found a staircase to the Elven Halls.
 27446 | Orc:2    | Noticed Urug
 27462 | Orc:2    | Killed Urug
 28542 | Orc:2    | Found Saew's Magic Scroll Shop.
 28542 | Orc:2    | Found Sevuw's General Store.
 28545 | Orc:2    | Found Wixkut's Antique Armour Boutique.
 28547 | Orc:2    | Found Tintocwitzo's Book Shop.
 28625 | Orc:2    | Bought Great Wizards, Vol. II for 456 gold pieces
 28631 | Orc:2    | Learned a level 5 spell: Borgnjor's Vile Clutch
 28633 | Orc:2    | Bought the Directory of the Burning Gang for 748 gold
                  | pieces
 28639 | Orc:2    | Learned a level 5 spell: Summon Mana Viper
 28902 | Orc:1    | Reached XP level 15. HP: 122/128 MP: 25/33
 28903 | Orc:1    | Reached skill level 5 in Necromancy
 29381 | Orc:1    | Bought a potion of heal wounds for 155 gold pieces
 29381 | Orc:1    | Bought a potion of magic for 248 gold pieces
 29946 | D:13     | Found Yffoimamp's Assorted Antiques.
 30010 | D:13     | Bought a scroll labelled SOIR MIECAZEAB for 29 gold pieces
 30010 | D:13     | Bought a scroll labelled YSATHR ER ASUCH for 29 gold pieces
 30010 | D:13     | Bought a scroll labelled SOIR MIECAZEAB for 29 gold pieces
 30542 | D:13     | Found a gate to the Vaults.
 31303 | D:14     | Found Bumouxoq's Jewellery Shop.
 31817 | D:15     | Entered Level 15 of the Dungeon
 31912 | D:15     | Found a transporter.
 31917 | D:15     | Found a transporter.
 31958 | D:15     | Reached skill level 1 in Shields
 32190 | D:15     | Noticed Maloq's ghost (journeyman GrEE)
 33505 | D:11     | Bought a ring of protection from fire for 425 gold pieces
 33955 | D:15     | Found a staircase to the Depths.
 34172 | Spider:1 | Entered Level 1 of the Spider Nest
 34195 | Spider:1 | Got the Anthology of Contamination
 35316 | Spider:1 | Found a transporter.
 35321 | Spider:1 | Found a transporter.
 35321 | Spider:1 | Noticed Xrynn's ghost (journeyman MiBe)
 35390 | Spider:1 | HP: 4/129 [wolf spider (5)]
 35390 | Spider:1 | Slain by a jumping spider

Illustrated notes

Levels and vault maps discovered:
D:1:      dpeg_arrival_tiny_i, layout_rooms, basic_ecumenical_altar, hex_tiny
D:2:      layout_basic
D:3:      layout_loops_cross
D:4:      layout_basic, nicolae_shop_i_like_big_books, minmay_misc_feat_x,
          kennysheep_cluttered_room, hangedman_decor_clover_reticule
D:5:      layout_loops_corners, nicolae_ashenzari_panopticon,
          minmay_temple_entry_butterflies, portal_sewer_entry_a, serial_bayou,
          serial_bayou_pond_e, serial_bayou_pond_a, serial_bayou_shore_a,
          serial_bayou_ford_a, serial_bayou_pond_e
D:6:      layout_layer_cave
D:7:      minmay_the_grid_octo_tiled_octocenter [minmay_the_grid_octo_clover_2,
          minmay_the_grid_octo_empty, minmay_the_grid_octo_fat_diamond,
          minmay_the_grid_octo_pinwheel,
          minmay_the_grid_octo_prize_square_snowflake,
          minmay_the_grid_square_5x5_bridge, minmay_the_grid_square_5x5_inner_z,
          minmay_the_grid_square_5x5_inner_i,
          minmay_the_grid_square_5x5_shrine1], layout_loops_ring, serial_shops,
          shop, enter_bailey_3, solitary_fountain
D:8:      wander_river, layout_rooms, mainiacjoe_overflow_boulevard,
          chequers_big_river, nicolae_diode_stairs
D:9:      layout_gridville, grunt_temple_overflow_diamond,
          ebering_ghost_disaster_area, kennysheep_potato
D:10:     layout_long_grid, grunt_ogre_cave, uniq_grum
D:11:     layout_layer_cave, dpeg_lair_monsters, david_orc_3, serial_shops, shop
D:12:     layout_long_grid, uniq_lodul
D:13:     layout_loops_ring, grunt_vaults_entry_tiered, serial_shops,
          nicolae_shop_peninsula
D:14:     layout_basic, chequers_serial_rivers_micro_e, serial_shops, shop,
          serial_glass, glass_columns_c, glass_columns_a,
          minmay_strange_pillars, feat_on_display, feat_on_display,
          due_unseen_surprise
D:15:     grunt_enter_depths_hoard, layout_loops_cross, minmay_splitting_lines,
          nzn_ghost_randoct
Lair:1:   dreamdust_labyrinth, layout_chaotic_city, portal_ice_cave_entry_imps,
          nicolae_volcano_entry_batcave, grunt_megastairs_4, uniq_gastronok
Lair:2:   cheibrodos_lair_river_kwai, layout_chaotic_city,
          spider_nest_entry_webs, minmay_lindwurm_lava, uniq_maggie
Lair:3:   layout_small_grid, elwin_shoals_entry_rooms, uniq_amaemon
Lair:4:   layout_regular_city
Lair:5:   hangedman_lair_in_review, layout_regular_city,
          guppyfry_lair_end_dragon, minmay_slime_entry_oklob_open
Spider:1: layout_chambers, gammafunk_ghost_arena,
          nicolae_spider_rock_and_or_roll
Orc:1:    layout_caves, serial_shops, shop
Orc:2:    st_orc_mages, layout_diamond_mine, nicolae_shop_firing_range,
          uniq_josephine, uniq_urug

Skill      XL: |  1  2  3  4  5  6  7  8  9 10 11 12 13 14 15 |
---------------+----------------------------------------------+-----
Dodging        | 2 3 4 5 6 7 8 10 11 | 11.4
Stealth        | 2 3 4 5 6 7 8 9 10 12 | 12.1
Spellcasting   | 2 3 4 5 6 7 9 10 | 10.2
Summonings     | 4 5 6 7 8 9 10 | 10.3
Fighting       | 1 2 3 4 5 7 8 9 10 11 | 11.1
Hexes          | 1 2 3 4 5 |  5.6
Air Magic      | 1 2 3 4 6 7 |  7.0
Translocations | 1 2 4 5 |  5.0
Necromancy     | 4 8 |  8.5
Shields        | 3 |  3.4

Action                     |  1- 3 |  4- 6 |  7- 9 | 10-12 | 13-15 || total
---------------------------+-------+-------+-------+-------+-------++-------
  Melee: Unarmed           |    11 |       |       |       |       ||    11
         Short sword       |    13 |       |   134 |   233 |   117 ||   497
         Dagger            |    35 |    52 |    33 |    62 |       ||   182
         Punch             |       |     1 |     1 |     4 |     8 ||    14
         Scimitar          |       |       |       |    43 |   440 ||   483
         Long sword        |       |       |       |       |    34 ||    34
   Fire: Arbalest          |       |       |       |   180 |    98 ||   278
   Cast: Summon Small Mamm |    42 |    13 |    17 |     9 |    36 ||   117
         Call Imp          |    19 |    13 |    13 |     9 |    29 ||    83
         Call Canine Famil |     3 |    15 |    26 |    35 |    81 ||   160
         Summon Guardian G |       |     3 |    18 |    40 |    76 ||   137
         Summon Lightning  |       |       |    10 |    59 |   131 ||   200
         Blink             |       |       |     1 |     2 |     3 ||     6
         Mephitic Cloud    |       |       |       |     3 |    27 ||    30
         Summon Mana Viper |       |       |       |       |     9 ||     9
         Borgnjor's Vile C |       |       |       |       |    28 ||    28
         Dispel Undead     |       |       |       |       |     5 ||     5
  Evoke: Wand              |       |       |       |     1 |     2 ||     3
    Use: Potion            |     2 |       |    10 |     8 |     7 ||    27
         Scroll            |       |    10 |     4 |    13 |     7 ||    34
   Stab: Sleeping          |     4 |     1 |     3 |     4 |     5 ||    17
         Distracted        |       |     1 |       |     9 |     9 ||    19
         Invisible         |       |       |       |     3 |       ||     3
         Confused          |       |       |       |       |    11 ||    11
         Petrified         |       |       |       |       |     1 ||     1
 Armour: Robe              |    18 |    18 |    61 |    43 |       ||   140
         Skin              |       |       |    26 |       |       ||    26
         Troll leather arm |       |       |       |    70 |       ||    70
         Leather armour    |       |       |       |    21 |   364 ||   385
  Dodge: Dodged            |    53 |    32 |   103 |   480 |  1288 ||  1956
  Block: Orb               |       |       |    23 |       |       ||    23
         Other             |       |       |       |    93 |   204 ||   297
